 Dungeon Crawl Stone Soup version 0.26-a0-778-g3fe0686644 (webtiles) character file.

Game seed: 3800545212470128104

464 quinnr the Cudgeler (level 6, -1/44 HPs)
             Began as a Demonspawn Gladiator on Nov 10, 2020.
             Killed from afar by an orc wizard (6 damage)
             ... with a puff of flame
             ... on level 3 of the Dungeon.
             The game lasted 00:09:19 (3626 turns).

quinnr the Cudgeler (Demonspawn Gladiator)          Turns: 3626, Time: 00:09:20

Health: -1/44      AC:  4    Str: 16    XL:     6   Next: 80%
Magic:  6/6        EV: 17    Int:  9    God:
Gold:   169        SH:  0    Dex: 15    Spells: 5/5 levels left

rFire    . . .     SeeInvis .   a - +0 flail
rCold    + . .     Faith    .   (no shield)
rNeg     . . .     Spirit   .   b - +0 leather armour
rPois    +         Reflect  .   (helmet restricted)
rElec    .         Harm     .   (no cloak)
rCorr    .         Rampage  .   j - +0 pair of gloves
MR       .....                  (no boots)
Stlth    +.........             m - amulet of the acrobat
HPRegen  0.14/turn              n - +4 ring of evasion
MPRegen  0.10/turn              l - ring of poison resistance

@: no status effects
A: antennae 1, talons 1, cold resistance 1, foul stench 1, rot immunity
a: no special abilities


You were on level 3 of the Dungeon.
You visited 1 branch of the dungeon, and saw 4 of its levels.

You collected 169 gold pieces.

Inventory:

Hand Weapons
 a - a +0 flail (weapon)
Missiles
 d - 3 throwing nets (quivered)
 i - 6 boomerangs
Armour
 b - a +0 leather armour (worn)
 c - a +1 helmet
 j - a +0 pair of gloves (worn)
Jewellery
 l - a ring of poison resistance (right hand)
 m - an amulet of the acrobat (around neck)
 n - a +4 ring of evasion (left hand)
Scrolls
 e - 2 scrolls of remove curse
 f - 3 scrolls of noise {unknown}
 g - 3 scrolls of identify
Potions
 h - a potion of flight
 k - 2 potions of brilliance


   Skills:
 - Level 2.0 Fighting
 + Level 7.1 Maces & Flails
 - Level 1.7 Throwing
 - Level 2.6 Dodging


You had 5 spell levels left.
You didn't know any spells.
Your spell library contained the following spells:

 Spells                   Type           Power        Failure   Level
 Animate Skeleton         Necr           #.....       45%         1
 Apportation              Tloc           #.....       45%         1
 Corona                   Hex            #......      45%         1
 Summon Small Mammal      Summ           #...         45%         1


Dungeon Overview and Level Annotations

Branches:
Dungeon (4/15)
 Temple: D:4-7

Altars:
Ashenzari


Innate Abilities, Weirdness & Mutations

You have a pair of small antennae on your head.
You have sharp toenails.
Your flesh is cold resistant. (rC+)
You may emit foul miasma when damaged in melee.
You are immune to rotting.


Message History

* * * LOW HITPOINT WARNING * * *
Something hits you.
* * * LOW HITPOINT WARNING * * *
You climb upwards.
Reactivating autopickup.
There is a stone staircase leading down here.
Deactivating autopickup; reactivate with Ctrl-A.
You thump something! Your kick misses something. Something hits you.
* * * LOW HITPOINT WARNING * * *
You hear some strange, mumbled words.
A puff of frost appears from out of thin air!
The puff of frost misses you.
You barely miss something. Your kick misses something.
You feel yourself speed up. Something hits you.
* * * LOW HITPOINT WARNING * * *
You hear some strange, mumbled words.
A puff of flame appears from out of thin air!
The puff of flame hits you.
You die...

.........###....≈≈≈.≈.≈≈≈..##
.##.##.#......≈≈≈≈≈._.≈≈≈≈.#
#...P..#.###.#..≈≈≈≈.♣≈≈≈≈.#
.......#.###.#.≈≈≈≈≈≈≈≈≈≈≈.#
.......#..#..#.≈≈≈≈≈≈≈≈≈≈≈≈#
#......#....##≈≈≈≈≈≈≈≈≈≈≈≈≈#
#.)....#.#..##...≈≈≈..≈..≈.#
.......#.#..##...≈...≈.....#
#.#'..#..#..####@).#########
................[{.#
..............##...#
........##########.######
...#.....# #..........#
#####....#####>...>.....#
####............<...#
##.####..........# ####
#..###..........#


There were no monsters in sight!

Vanquished Creatures
  Grinder (D:3)
  An orc priest (D:3)
  Natasha (D:4)
  An orc wizard (D:3)
  A worker ant (D:4)
  An adder (D:2)
  2 river rats (D:3)
  An ooze (D:2)
  3 worms (D:2)
  5 dart slugs
  5 leopard geckos
  10 orcs
  A ball python (D:1)
  8 bats
  5 giant cockroaches
  7 goblins
  5 hobgoblins
  14 jackals
  6 kobolds
  2 quokkas (D:2)
  3 frilled lizards
  10 rats
93 creatures vanquished.

Vanquished Creatures (others)
  10 plants
10 creatures vanquished.

Grand Total: 103 creatures vanquished

Notes
Turn   | Place    | Note
-------+----------+-------------------------------------------
     0 | D:1      | quinnr the Demonspawn Gladiator began the quest for the
                  | Orb.
     0 | D:1      | Reached XP level 1. HP: 16/16 MP: 1/1
    52 | D:1      | Reached skill level 3 in Maces & Flails
    59 | D:1      | Gained mutation: Your flesh is cold resistant. (rC+)
                  | [demonic ancestry]
    59 | D:1      | Reached XP level 2. HP: 11/22 MP: 2/2
    75 | D:1      | HP: 2/22 [jackal (2)]
   553 | D:1      | Gained mutation: You are immune to rotting. [demonic
                  | ancestry]
   553 | D:1      | Reached XP level 3. HP: 27/27 MP: 3/3
   657 | D:1      | Reached skill level 4 in Maces & Flails
  1110 | D:2      | HP: 2/27 [adder (2)]
  1713 | D:2      | Found a broken altar of Ashenzari.
  1722 | D:2      | Gained mutation: You may emit foul miasma when damaged in
                  | melee. [demonic ancestry]
  1722 | D:2      | Reached XP level 4. HP: 30/33 MP: 4/4
  2346 | D:3      | Found a faded altar of an unknown god.
  2409 | D:3      | Reached skill level 5 in Maces & Flails
  2601 | D:3      | Noticed Grinder
  2602 | D:3      | Gained mutation: You have sharp toenails. [demonic
                  | ancestry]
  2602 | D:3      | Reached XP level 5. HP: 26/38 MP: 5/5
  2632 | D:3      | Paralysed by Grinder for 2 turns
  2652 | D:3      | Paralysed by Grinder for 3 turns
  2658 | D:3      | Killed Grinder
  2658 | D:3      | Reached skill level 6 in Maces & Flails
  2658 | D:3      | Gained mutation: You have a pair of small antennae on your
                  | head. [demonic ancestry]
  2658 | D:3      | Reached XP level 6. HP: 15/44 MP: 6/6
  3586 | D:4      | Noticed Natasha
  3617 | D:4      | Killed Natasha
  3617 | D:4      | Reached skill level 7 in Maces & Flails
  3626 | D:3      | Killed from afar by an orc wizard

Illustrated notes

Levels and vault maps discovered:
D:1:      psy_arrival_terrarium, layout_loops_ring
D:2:      layout_loops_cross, overflow_temple_1_default, serial_forest,
          infiniplex_forest_lined_4_way, infiniplex_forest_end_2,
          infiniplex_forest_zigzag_1, infiniplex_forest_straight_3,
          infiniplex_forest_clump_large, infiniplex_forest_diagonal,
          infiniplex_forest_lined_ring, hangedman_decor_riveting
D:3:      cheibrodos_old_hovel, layout_rooms, gup_sewer_entry_spiral,
          chequers_ecumenical_altar_island, chequers_serial_rivers_micro_c,
          uniq_grinder
D:4:      layout_rooms, nicolae_overflow_hidden_temple,
          chequers_serial_rivers_room_a, uniq_natasha

Skill      XL: |  1  2  3  4  5  6 |
---------------+-------------------+-----
Maces & Flails | 3 4 5 6 7 |  7.1
Fighting       | |  2.0
Throwing       | |  1.7
Dodging        | |  2.6

Action                   |  1- 3 |  4- 6 || total
-------------------------+-------+-------++-------
Melee: Flail             |   129 |   239 ||   368
       Kick              |       |    13 ||    13
  Use: Scroll            |     1 |     7 ||     8
       Potion            |     1 |     3 ||     4
 Stab: Sleeping          |     1 |     3 ||     4
Armor: Leather armour    |    49 |    53 ||   102
       Skin              |       |    40 ||    40
Dodge: Dodged            |   116 |   187 ||   303

Table legend: (Time is in decaauts)
 A = Elapsed time spent in this place.
 B = Non-inter-level travel time spent in this place.
 C = Inter-level travel time spent in this place.
 D = Time resting spent in this place.
 E = Time spent auto-exploring this place.
 F = Levels seen in this place.
 G = Mean time per level.
                   A        B        C        D        E       F      G
               +--------+--------+--------+--------+--------+-----+--------+
         Total |   3730 |   3675 |     55 |    567 |   2194 |   4 |  932.5 |
       Dungeon |   3730 |   3675 |     55 |    567 |   2194 |   4 |  932.5 |
               +--------+--------+--------+--------+--------+-----+--------+

Top non-repeatable levels by time:
     D:1: 1409 daAuts
     D:3: 1328 daAuts
     D:2: 933 daAuts
     D:4: 58 daAuts
